AoeStats
← tjcameron2011

Arena

509724389Analyzed
1v1 RM · 3d ago on Sep 27, 2026· 49m 34s· 2 players
Game mode
Random Map
Map size
Tiny (2 player)
Population
200
Speed
Normal
Resources
Standard
Victory
Conquest
Starting age
Dark Age
Ending age
Imperial Age
RankedLock teamsTeams togetherTeam positionsShared explorationLock speedFull tech treeHidden civsTurbo modeCheats
Victory
Defeat
🇺🇸 Cumans · United States
649
+15
🇲🇽 Magyars · Mexico
638
-29
GhastlyAtom246
10:12 Loom
14:29 Feudal Age
15:38 Double-Bit Axe
15:48 Gold Mining
20:51 Castle Age
19:26 Stone Mining
23:51 Bloodlines
26:15 Scale Barding Armor
27:09 Wheelbarrow
27:14 Scale Mail Armor
28:11 Fervor
29:37 Pikeman
33:37 Chain Barding Armor
33:56 Treadmill Crane
34:19 Fletching
39:46 Masonry
41:09 Bodkin Arrow
42:43 Gold Shaft Mining
43:51 Thumb Ring
46:42 Town Watch
47:30 Chain Mail Armor
47:24 Padded Archer Armor
tjcameron2011
7:16 Loom
9:47 Feudal Age
11:24 Wheelbarrow
11:03 Double-Bit Axe
13:03 Horse Collar
18:39 Bloodlines
18:23 Town Watch
19:59 Gold Mining
20:01 Stone Mining
20:43 Scale Barding Armor
20:54 Forging
23:45 Castle Age
23:53 Fletching
24:03 Padded Archer Armor
24:23 Padded Archer Armor
25:02 Iron Casting
24:48 Chain Barding Armor
24:47 Hand Cart
25:26 Gold Shaft Mining
25:13 Bow Saw
25:12 Capped Ram
25:22 Light Cavalry
26:39 Heavy Plow
27:37 Steppe Husbandry
27:42 Bodkin Arrow
30:06 Leather Archer Armor
29:52 Scale Mail Armor
29:57 Town Patrol
30:52 Fervor
31:03 Sanctity
35:31 Imperial Age
37:21 Plate Barding Armor
37:46 Blast Furnace
37:02 Leather Archer Armor
37:03 Chain Mail Armor
38:52 Crop Rotation
37:50 Elite Kipchak
39:10 Conscription
39:44 Hussar
39:45 Cavalier
42:36 Siege Ram
44:21 Two-Man Saw
Connection lost

Rejoining the realm…

Still unreachable

The connection could not be restored.

Session expired

The server has moved on; the page needs a fresh start.